 Dungeon Crawl Stone Soup version 0.31-a0-963-ga325b2283a (webtiles) character file.

Game seed: 1421414861730028942

5 112233 the Firebug (level 1, 0/11 HPs)
             Began as an Octopode Fire Elementalist on Aug 5, 2023.
             Slain by a quokka (4 damage)
             ... on level 1 of the Dungeon on Oct 24, 2023.
             The game lasted 00:01:38 (315 turns).

112233 the Firebug (Octopode Fire Elementalist)      Turns: 315, Time: 00:01:39

Health: 0/11       AC:  1    Str:  7    XL:     1   Next: 80%
Magic:  3/3        EV: 13    Int: 17    God:
Gold:   14         SH:  0    Dex: 12    Spells: 3/4 levels left

rFire   . . .        (no weapon)
rCold   . . .        (no shield)
rNeg    . . .        (helmet restricted)
rPois   .            (no amulet)
rElec   .            (no ring)
rCorr   .            (no ring)
SInv    .            (no ring)
Will    .....        (no ring)
Stlth   +++          (no ring)
HPRegen 0.21/turn    (no ring)
MPRegen 0.08/turn    (no ring)
                     (no ring)

%: no passive effects
@: no status effects
A: almost no armour, amphibious, 8 rings, camouflage 1, gelatinous body 1,
(nimble swimmer 1), tentacles
a: no special abilities


You were on level 1 of the Dungeon.
You visited 1 branch of the dungeon, and saw 1 of its levels.

You collected 14 gold pieces.

Inventory:

Jewellery
 b - an amulet of faith
 o - a ring of poison resistance
Potions
 a - a potion of magic
 c - a potion of haste {unknown}


   Skills:
 - Level 2.0 Dodging
 - Level 2.6 Stealth
 + Level 2.4 Spellcasting
 - Level 1.0 Conjurations
 - Level 3.0 Fire Magic


You had 3 spell levels left.
You knew the following spells:

 Your Spells              Type           Power      Damage    Failure   Level
a - Foxfire               Conj/Fire      32%        2x1d5     9%          1

Your spell library contained the following spells:

 Spells                   Type           Power      Damage    Failure   Level
 Scorch                   Fire           24%        2d6       9%          2
 Inner Flame              Hex/Fire       7%         N/A       30%         3
 Volatile Blastmotes      Fire/Tloc      14%        2d11      30%         3
 Flame Wave               Conj/Fire      8%         2d5       63%         4


Dungeon Overview and Level Annotations

Branches:
Dungeon (1/15)

Altars:


Innate Abilities, Weirdness & Mutations

You cannot wear most types of armour.
You are amphibious.
You can wear up to eight rings at the same time.
Your skin changes colour to match your surroundings (Stealth+).
Your rubbery body absorbs attacks. (AC +1, EV +1)
((You are camouflaged when in or above water. (Stealth+)))
You have tentacles for arms and can constrict up to eight enemies at once.


Message History

The bat attacks as it pursues you! The bat closely misses you. x2
The bat hits you. The bat barely misses you.
You miss the bat. You grab the bat.
You constrict the bat, but do no damage.
The bat hits you but does no damage. The bat hits you.
You barely miss the bat. You squeeze the bat.
You kill the bat!
You see here a bat corpse.
You see here a bat corpse.
c - an orange potion You open the door.
There is an open door here.
You now have 14 gold pieces (gained 6).
There is an open door here.
Found a robe.
A ball python comes into view.
The helpless ball python fails to defend itself.
You tentacle-slap the ball python. You grab the ball python.
The ball python is moderately wounded.
You constrict the ball python. The ball python bites you.
The ball python misses you.
You tentacle-slap the ball python.
The ball python is severely wounded.
You constrict the ball python.
You kill the ball python!
You see here a ball python corpse.
A quokka comes into view.
A quokka is nearby!
A bat comes into view.
Unknown command.
The bat closely misses you. The bat hits you.
The bat hits you but does no damage.
You tentacle-slap the quokka but do no damage.
Your grab misses the quokka. The bat hits you. The quokka bites you.
The bat hits you. The quokka barely misses you. The bat barely misses you.
The quokka closely misses you. The bat hits you.
The quokka twitches its whiskers.
The quokka completely misses you. The quokka bites you.
* * * LOW HITPOINT WARNING * * *
The bat hits you but does no damage. The bat completely misses you.
The quokka misses you. The bat completely misses you.
Found 17 gold pieces.
The bat hits you but does no damage. The quokka attacks as it pursues you!
The quokka barely misses you.
Found a scroll labelled VENOTIMAUSK.
The quokka attacks as it pursues you! The quokka bites you.
You die...

#. #.#.# #.######.#.[
#........####
#............
######........#######
#....................
#.##.............#######
#.............####
#......@r..b..#
#.............#
?$............#
##............#
#...########## ##.# #. .


You could see a quokka and a bat.

Vanquished Creatures
  A ball python (D:1)
  A bat (D:1)
  An endoplasm (D:1)
  A hobgoblin (D:1)
4 creatures vanquished.

Notes
Turn   | Place    | Note
-------+----------+-------------------------------------------
     0 | D:1      | 112233 the Octopode Fire Elementalist began the quest for
                  | the Orb.
     0 | D:1      | Reached XP level 1. HP: 11/11 MP: 3/3
    42 | D:1      | Upgraded the game from 0.31-a0-472-g43a2ca8e1b to
                  | 0.31-a0-816-gd61d57ddb1
    42 | D:1      | Upgraded the game from 0.31-a0-816-gd61d57ddb1 to
                  | 0.31-a0-870-g10ed682358
    49 | D:1      | Upgraded the game from 0.31-a0-870-g10ed682358 to
                  | 0.31-a0-963-ga325b2283a
   315 | D:1      | Slain by a quokka

Illustrated notes

Levels and vault maps discovered:
D:1:      tarquinn_simple_flora_water_e, layout_basic,
          dreamdust_princess_corridor, minmay_ruptured

Action                     || total
---------------------------++-------
  Melee: Unarmed           ||    10
         Constrict         ||     4
         Tentacles         ||     3
   Stab: Sleeping          ||     1
 Armour: Skin              ||    24
  Dodge: Dodged            ||    19

Table legend: (Time is in decaauts)
 A = Elapsed time spent in this place.
 B = Non-inter-level travel time spent in this place.
 C = Inter-level travel time spent in this place.
 D = Time resting spent in this place.
 E = Time spent auto-exploring this place.
 F = Levels seen in this place.
 G = Mean time per level.
                   A        B        C        D        E       F      G
               +--------+--------+--------+--------+--------+-----+--------+
         Total |    315 |    315 |      0 |      0 |    250 |   1 |  315.0 |
       Dungeon |    315 |    315 |      0 |      0 |    250 |   1 |  315.0 |
               +--------+--------+--------+--------+--------+-----+--------+

Top non-repeatable levels by time:
     D:1: 315 daAuts
